 Dungeon Crawl Stone Soup version 0.30-a0-234-g97d66968fd (webtiles) character file.

Game seed: 6501598657379467141

246 qw the Chopper (level 6, -2/38 HPs)
             Began as a Gargoyle Fighter on Oct 9, 2022.
             Slain by an ogre
             ... wielding a +0 giant club
              (23 damage)
             ... on level 5 of the Dungeon.
             The game lasted 00:00:45 (1822 turns).

qw the Chopper (Gargoyle Fighter)                   Turns: 1822, Time: 00:00:45

Health: -2/38      AC: 21    Str: 22    XL:     6   Next: 11%
Magic:  0/6        EV:  9    Int:  8    God:
Gold:   112        SH:  4    Dex:  9    Spells: 5/5 levels left

rFire   + + +      SeeInvis .    Y - +0 war axe (protect)
rCold   x . .      Faith    .    c - +0 buckler
rNeg    + + .      Spirit   +    b - +0 scale mail
rPois   inf        Reflect  .    (no helmet)
rElec   +          Harm     .    (no cloak)
rCorr   .          Rampage  .    e - +2 pair of gloves "Fetif" {rElec rF+++ rC- rN+}
Will    .....                    (no boots)
Stlth   ..........               k - amulet of guardian spirit
HPRegen 0.26/turn                (no ring)
MPRegen 0.10/turn                (no ring)

@: under a protective aura
A: sickness immunity, AC +4, negative energy resistance 1, electricity
resistance, torment resistance 1, petrification resistance
a: no special abilities


You were on level 5 of the Dungeon.
You visited 1 branch of the dungeon, and saw 4 of its levels.

You collected 112 gold pieces.


Innate Abilities, Weirdness & Mutations

You are immune to sickness and miasma.
Your stone body is resilient. (AC +4)
You are immune to poison.
You resist negative energy. (rN+)
You are resistant to electric shocks. (rElec)
You are resistant to unholy torment.
You are immune to petrification.


   Skills:
 - Level 4.0 Fighting
 - Level 5.3 Axes
 - Level 3.2 Armour
 + Level 0.0 Dodging
 - Level 3.2 Shields


You had 5 spell levels left.
You didn't know any spells.
Your spell library was empty.

Inventory:

Hand Weapons
 f - a +0 mace
 Y - a +0 war axe of protection (weapon)
Armour
 b - a +0 scale mail (worn)
 c - a +0 buckler (worn)
 e - the +2 pair of gloves "Fetif" (worn) {rElec rF+++ rC- rN+}
   (You acquired it on level 2 of the Dungeon)

   rF:        It renders you almost immune to fire.
   rC:        It makes you vulnerable to cold.
   rElec:     It insulates you from electricity.
   rN:        It protects you from negative energy.
Jewellery
 k - an amulet of guardian spirit (around neck)
Potions
 a - a potion of haste {unknown}
 d - a potion of might
 h - 2 potions of degeneration {unknown}
 i - a potion of berserk rage {unknown}

Dungeon Overview and Level Annotations

Branches:
Dungeon (3/15)

Altars:


Message History

You barely miss the white imp.
The white imp is lightly wounded.
The white imp gestures at you. The puff of frost hits you!
You feel a terrible chill!
You hit the white imp.
The white imp is severely wounded.
The white imp hits you but does no damage.
You barely miss the white imp.
The white imp is severely wounded.
The white imp hits you but does no damage.
You closely miss the white imp.
The white imp is severely wounded.
You block the white imp's attack.
The white imp disappears for a moment.
The white imp closely misses you.
You slash the white imp!
You kill the white imp!
Your Fighting skill increases to level 4!
You start resting.
Magic restored.
You start resting.
An ogre comes into view. It is wielding a +0 giant club.
1809 ||| Stepping ~*~*~tactically~*~*~ (stealth).
You start resting.
An ogre is nearby!
1812 ||| Stepping ~*~*~tactically~*~*~ (stealth).
You start resting.
An ogre is nearby!
1815 ||| Stepping ~*~*~tactically~*~*~ (stealth).
You start resting.
An ogre is nearby!
You slash the ogre!
Your weapon exudes an aura of protection.
The ogre is moderately wounded.
The ogre hits you but does no damage.
You hit the ogre.
The ogre is heavily wounded.
The ogre hits you with a +0 giant club!!
Ouch! That really hurt!
You die...

.......O....
...........
..........
........O# #
?........#.##.#
#.........
##........
###.........
#@O.........
#..............
..#
####...........
..##.
......#.....
.....
#......##....
...
....[...##...
.. .........#
.. ##
.##.......# .#


You could see an ogre.

Vanquished Creatures
  A black bear (D:5)
  A hound (D:5)
  An orc wizard (D:3)
  5 adders
  2 white imps (D:5)
  A worm (D:2)
  2 dart slugs
  3 orcs (D:3)
  2 endoplasms
  4 giant cockroaches
  A goblin (D:1)
  3 hobgoblins (D:2)
  3 kobolds
  5 quokkas
  A ball python (D:2)
  2 frilled lizards
  2 rats
39 creatures vanquished.

Notes
Turn   | Place    | Note
-------+----------+-------------------------------------------
     0 | D:1      | qw the Gargoyle Fighter began the quest for the Orb.
     0 | D:1      | Reached XP level 1. HP: 14/14 MP: 1/1
     0 | D:1      | 0 ||| qw: Version: 0.2-a-17-g06abaee
     0 | D:1      | 0 ||| qw: Game counter: 2342
     0 | D:1      | 0 ||| qw: Always use a shield: true
     0 | D:1      | 0 ||| qw: God list: Okawaru
     0 | D:1      | 0 ||| qw: Allow faded altars: false
     0 | D:1      | 0 ||| qw: Do Orc after D:15 true
     0 | D:1      | 0 ||| qw: Do second Lair branch before Depths: true
     0 | D:1      | 0 ||| qw: Lair rune preference: random
     0 | D:1      | 0 ||| qw: Plans: Normal, Zot:1-4, God:TSO, Crypt, Tomb,
                  | Pan, Slime:5, Hells, Abyss, Orb
     0 | D:1      | 0 ||| PLANNING D:1-11
    47 | D:1      | Reached skill level 2 in Axes
   159 | D:1      | Reached XP level 2. HP: 18/19 MP: 2/2
   892 | D:1      | 892 ||| READING scroll labelled QEAFUCV FUMUYHUO.
   893 | D:1      | 893 ||| READING scroll labelled PILEMOKKAX.
   894 | D:1      | 894 ||| READING 2 scrolls labelled UTOSEO TERPHIM.
   897 | D:1      | 897 ||| READING scroll labelled UQEMAH YCYI.
   965 | D:2      | Reached skill level 3 in Axes
   965 | D:2      | Reached XP level 3. HP: 20/23 MP: 3/3
  1009 | D:2      | 1009 ||| Stepping ~*~*~tactically~*~*~ (stealth).
  1010 | D:2      | 1010 ||| DROPPING +0 club.
  1011 | D:2      | 1011 ||| Stepping ~*~*~tactically~*~*~ (stealth).
  1216 | D:2      | Reached XP level 4. HP: 28/28 MP: 4/4
  1546 | D:2      | 1546 ||| UPGRADING to amulet of guardian spirit.
  1551 | D:2      | 1551 ||| READING scroll labelled YNLEEVICKU.
  1552 | D:2      | 1552 ||| READING scroll labelled RIXEOL WOITU.
  1552 | D:2      | Identified a scroll of acquirement
  1552 | D:2      | 1552 ||| ACQUIRING +2 pair of gloves "Fetif" {rElec rF+++
                  | rC- rN+}
  1552 | D:2      | Acquired the +2 pair of gloves "Fetif" {rElec rF+++ rC-
                  | rN+}
  1554 | D:2      | 1554 ||| UPGRADING to +2 pair of gloves "Fetif" {rElec
                  | rF+++ rC- rN+}.
  1559 | D:2      | 1559 ||| DRINKING 2 cyan potions.
  1560 | D:2      | 1560 ||| DROPPING potion of magic.
  1610 | D:3      | Reached skill level 4 in Axes
  1698 | D:3      | 1698 ||| Stepping ~*~*~tactically~*~*~ (stealth).
  1699 | D:3      | 1699 ||| Stepping ~*~*~tactically~*~*~ (stealth).
  1722 | D:3      | 1722 ||| READING scroll of brand weapon.
  1722 | D:3      | 1722 ||| BRANDING +0 vorpal war axe.
  1726 | D:3      | You fall into a shaft and drop 2 floors!
  1726 | D:5      | Entered Level 5 of the Dungeon
  1727 | D:5      | Noticed a black bear
  1730 | D:5      | 1730 ||| Stepping ~*~*~tactically~*~*~ (stealth).
  1738 | D:5      | HP: 5/28 [white imp/puff of frost (12)]
  1739 | D:5      | 1739 ||| READING 2 scrolls of teleportation.
  1740 | D:5      | Killed a black bear
  1741 | D:5      | Reached skill level 5 in Axes
  1741 | D:5      | Reached XP level 5. HP: 6/32 MP: 1/5
  1742 | D:5      | 1742 ||| READING scroll of teleportation.
  1748 | D:5      | 1748 ||| Stepping ~*~*~tactically~*~*~ (hiding).
  1753 | D:5      | HP: 7/32 [white imp/puff of frost (3)]
  1754 | D:5      | Reached XP level 6. HP: 8/38 MP: 2/6
  1754 | D:5      | HP: 3/38 [white imp/puff of frost (6)]
  1809 | D:5      | 1809 ||| Stepping ~*~*~tactically~*~*~ (stealth).
  1812 | D:5      | 1812 ||| Stepping ~*~*~tactically~*~*~ (stealth).
  1815 | D:5      | 1815 ||| Stepping ~*~*~tactically~*~*~ (stealth).
  1822 | D:5      | Slain by an ogre

Levels and vault maps discovered:
D:1:      dpeg_arrival_tiny_d, layout_basic
D:2:      layout_rooms, minmay_crystal_room
D:3:      layout_loops_cross, amcnicky_mini_rare_corridor_liquid
D:5:      layout_cave_pools

Skill      XL: |  1  2  3  4  5  6 |
---------------+-------------------+-----
Axes           | 2 3 5 |  5.3
Fighting       | 4 |  4.0
Armour         | |  3.2
Shields        | |  3.2

Action                   |  1- 3 |  4- 6 || total
-------------------------+-------+-------++-------
Melee: War axe           |   102 |    62 ||   164
  Use: Scroll            |     4 |     5 ||     9
       Potion            |       |     1 ||     1
Armor: Scale mail        |    65 |    51 ||   116
Dodge: Dodged            |    56 |    41 ||    97
Block: Buckler           |    17 |    13 ||    30

Table legend:
 A = Non-vault XP
 B = Vault XP
 C = Vault XP percentage of total XP
 D = Non-vault monster count
 E = Vault monster count
 F = Vault count percentage of total count
                 A         B        C        D         E       F
            +---------+---------+-------+---------+---------+-------
      Total |     352 |       0 |   0.0 |      39 |       0 |   0.0
            +---------+---------+-------+---------+---------+-------
        D:1 |      22 |       0 |   0.0 |      11 |       0 |   0.0
        D:2 |      65 |       0 |   0.0 |      15 |       0 |   0.0
        D:3 |      72 |       0 |   0.0 |       8 |       0 |   0.0
        D:5 |     193 |       0 |   0.0 |       5 |       0 |   0.0
            +---------+---------+-------+---------+---------+-------
